Staline vs Atomiques
(R1)
Created - January 27, 2018 at 22:45
Goals
|
Staline |
0 |
2 |
2 |
4 |
Atomiques |
4 |
1 |
4 |
9 |
|
Shots
|
Staline |
9 |
16 |
6 |
31 |
Atomiques |
11 |
7 |
14 |
32 |
|
1st period
1. Atomiques , Kenndal McArdle 28 (Corey Tropp 16, Tyler Brenner 35) at 4:32
2. Atomiques , Tyler Brenner 14 (Dwight King 20, Ryan Shannon 30) at 8:15
3. Atomiques , Ryan Shannon 18 (Dwight King 21, Eric Mestery 4) at 14:25
4. Atomiques , Colby Cohen 1 (Andreas Engqvist 8, Jonas Junland 11) at 15:39
Penalties :
No Penalty
2nd period
5. Staline , Tyler Pitlick 16 (Lars Eller 33, Nick Spaling 15) at 4:39
6. Staline , Philip Larsen 4 (James Sheppard 16, Corey Trivino 16) at 7:30
7. Atomiques , Corey Tropp 15 (Fredrik Claesson 1) at 12:16
Penalties :
Jonas Junland (STB) for Hooking (Minor) at 0:43, Bryan Bickell (StJ) for Roughing (Minor) at 9:12, Tyler Brenner (STB) for Slashing (Minor) at 12:38, Shayne Gostisbehere (STB) for Holding (Minor) at 15:58, Danny Kristo (StJ) for Hooking (Minor) at 19:18
3rd period
8. Atomiques , Tyler Brenner 15 (Ryan Shannon 31, Dwight King 22) at 1:49 (PP)
9. Atomiques , Ryan Shannon 19 (Dwight King 23, Tyler Brenner 36) at 2:59
10. Staline , Danny Kristo 14 (Brandon Burlon 11, Philip Larsen 10) at 4:14 (SH)
11. Atomiques , Bobby Farnham 5 (Andrew Kozek 15, Brett Sutter 17) at 5:21
12. Atomiques , Ryan Shannon 20 (Dwight King 24, Tyler Brenner 37) at 7:09 (PP)
13. Staline , Nick Spaling 9 (James Sheppard 17) at 10:31
Penalties :
Jeff Skinner (StJ) for Hooking (Minor) at 1:44, Lars Eller (StJ) for Slashing (Minor) at 3:07, Stu Bickel (StJ) for Tripping (Minor) at 7:00, Jonas Junland (STB) for Fighting (Major) at 8:24, Stu Bickel (StJ) for Fighting (Major) at 8:24, Stu Bickel (StJ) for instigated a fight (Minor) at 8:24, Stu Bickel (StJ) for instigated a fight (10 Minutes Misconduct) at 8:24, Brett Sutter (STB) for Interference (Minor) at 15:09, Dwight King (STB) for Hooking (Minor) at 15:54, Bryan Bickell (StJ) for Roughing (Minor) at 19:52
Goalie Stats
Darcy Kuemper (StJ), 12 saves from 17 shots - (0.706), 30:18 minutes
Allen York (StJ), 11 saves from 15 shots - (0.733), L, 20-8-4, 29:42 minutes
Sergei Bobrovsky (STB), 27 saves from 31 shots - (0.871), W, 21-8-2, 60:00 minutes
Players Stats for Staline
Player Name G A P +/- PIM S H SB GA TA FO MP PP MP PK MP
------------------------------------------------------------------------------------
Barclay Goodrow 0 0 0 -1 0 0 3 0 0 0 0/0 9:40 0:00 0:00
Brandon Burlon 0 1 1 0 0 0 3 2 1 3 0/0 25:47 4:57 3:38
Bryan Bickell 0 0 0 -1 4 2 1 0 0 0 0/0 11:09 0:00 0:44
Corey Trivino 0 1 1 1 0 2 3 0 0 0 6/8 17:09 3:35 2:23
Danny Kristo 1 0 1 1 2 2 1 1 1 0 0/0 8:59 0:00 1:53
Dustin Kohn 0 0 0 -2 0 6 1 0 0 1 0/0 29:25 5:12 4:43
James Sheppard 0 2 2 1 0 2 2 1 2 2 0/1 24:44 3:35 4:43
Jeff Skinner 0 0 0 -4 2 2 1 0 1 1 0/0 20:51 5:06 0:27
Jiri Sekac 0 0 0 0 0 0 0 0 0 0 0/0 0:15 0:00 0:00
Lars Eller 0 1 1 -4 2 2 0 0 0 1 15/38 20:30 5:06 0:00
Marek Zagrapan 0 0 0 1 0 1 0 0 0 0 3/7 8:54 0:00 1:38
Mike Reilly 0 0 0 -4 0 0 1 1 0 0 0/0 12:32 0:00 1:19
Nick Spaling 1 1 2 1 0 1 3 1 0 0 5/10 19:17 3:35 4:46
Peter Holland 0 0 0 -1 0 2 0 0 0 0 1/3 9:40 0:00 0:00
Philip Larsen 1 1 2 3 0 3 1 1 0 1 0/0 20:15 3:44 3:20
Stu Bickel 0 0 0 1 19 2 0 0 0 1 0/0 18:13 2:16 3:20
Tyler Pitlick 1 0 1 -4 0 3 2 1 0 1 0/3 20:45 5:06 0:00
Viktor Loov 0 0 0 -4 0 1 1 0 0 0 0/0 13:31 1:13 0:14
Players Stats for Atomiques
Player Name G A P +/- PIM S H SB GA TA FO MP PP MP PK MP
------------------------------------------------------------------------------------
Andreas Engqvist 0 1 1 1 0 0 2 0 1 0 1/1 6:25 0:00 0:00
Andrew Kozek 0 1 1 0 0 1 0 0 0 0 0/0 11:41 0:00 0:54
Bobby Farnham 1 0 1 0 0 1 2 0 0 0 0/0 10:37 0:00 0:00
Brett Sutter 0 1 1 0 2 1 0 0 2 0 5/9 11:37 0:00 0:47
Brock McGinn 0 0 0 1 0 1 0 0 1 0 0/0 6:25 0:00 0:00
Colby Cohen 1 0 1 3 0 2 0 0 0 0 0/0 18:39 3:14 3:11
Corey Tropp 1 1 2 0 0 5 3 1 0 0 1/2 14:12 3:17 0:00
Darren Kramer 0 0 0 0 0 0 1 0 0 0 0/0 0:18 0:04 0:00
Dwight King 0 5 5 2 2 5 3 1 2 1 3/5 20:38 4:56 1:21
Eric Gustafsson 0 0 0 -2 0 0 0 0 0 0 0/0 11:42 0:00 1:50
Eric Mestery 0 1 1 -3 0 0 1 1 0 0 0/0 10:49 0:49 0:00
Fredrik Claesson 0 1 1 1 0 0 0 1 0 0 0/0 3:44 0:00 0:00
John Draeger 0 0 0 0 0 0 0 1 0 0 0/0 5:13 0:06 0:34
Jonas Junland 0 1 1 2 7 0 0 0 1 1 0/0 24:40 3:40 4:12
Joseph Cramarossa 0 0 0 0 0 0 0 0 0 0 0/0 0:18 0:04 0:00
Kenndal McArdle 1 0 1 0 0 2 3 1 0 0 0/1 16:23 3:17 1:44
Kyle Wharton 0 0 0 2 0 2 2 0 1 0 0/0 27:31 4:57 5:30
Marc-André Cliche 0 0 0 0 0 1 0 1 0 0 5/8 14:12 3:17 0:00
Max McCormick 0 0 0 0 0 0 0 0 0 0 0/0 0:18 0:04 0:00
Mike Halmo 0 0 0 0 0 0 0 0 0 0 2/4 2:55 0:00 2:35
Mitch Callahan 0 0 0 1 0 0 2 0 0 0 0/0 6:25 0:00 0:00
Ryan Shannon 3 2 5 2 0 7 0 1 1 1 0/2 24:11 4:56 5:01
Shayne Gostisbehere 0 0 0 3 2 0 0 1 1 2 0/0 18:16 3:48 2:05
Tyler Brenner 2 3 5 2 2 4 1 0 1 0 23/38 22:50 4:56 3:45
3 Stars
1 - Ryan Shannon (STB)
2 - Tyler Brenner (STB)
3 - Dwight King (STB)
Power Play
Staline - 0 on 5 Attempt(s) - 0.00%
Atomiques - 2 on 7 Attempt(s) - 28.57%
Penalty Kill
Staline - 5 on 7 Attempt(s) - 71.43%
- Score 1 goal in Penalty Kill
Atomiques - 5 on 5 Attempt(s) - 100.00%
- Score 0 goal in Penalty Kill
Team Stat
Staline - Hits : 23 - Faceoff Wins : 30 - Blocked Shots : 8 - Penalty Minutes : 29
Atomiques - Hits : 20 - Faceoff Wins : 40 - Blocked Shots : 9 - Penalty Minutes : 15
Official
Referees : Kowal Tom and Watson Brad
Linesman : Thor Nelson and Jay Sharrers
Game Notes
Allen York enters game at 15:39 of 1st period
Darcy Kuemper enters game at 5:21 of 3rd period
Ryan Shannon has scored a Hat Trick!
Jonas Junland and Stu Bickel fight to a draw at 8:24 of 3rd period
Finance
Level 1 -- Attendance: 1649 (82.45%) -- Ticket Income $65,960
Level 2 -- Attendance: 762 (76.20%) -- Ticket Income $15,240
Total Attendance: 2411 (80.37%)
Total Ticket Income: $81,200
Other Income: $4,060
Total Income: $85,260
Staline
5 vs 5 Forward
Center Left Wing Right Wing Time % Phy DF OF
1 Lars Eller Jeff Skinner Tyler Pitlick 40 1 2 2
2 Corey Trivino Nick Spaling James Sheppard 30 1 2 2
3 Marek Zagrapan James Sheppard Danny Kristo 20 1 2 2
4 Peter Holland Bryan Bickell Barclay Goodrow 10 1 2 2
5 vs 5 Defense
Defense Defense Time % Phy DF OF
1 Brandon Burlon Dustin Kohn 40 1 2 2
2 Stu Bickel Philip Larsen 30 1 2 2
3 Viktor Loov Mike Reilly 20 1 2 2
4 Stu Bickel Dustin Kohn 10 1 2 2
PowerPlay Forward
Center Left Wing Right Wing Time % Phy DF OF
1 Lars Eller Jeff Skinner Tyler Pitlick 60 1 2 2
2 Corey Trivino Nick Spaling James Sheppard 40 1 2 2
PowerPlay Defense
Defense Defense Time % Phy DF OF
1 Brandon Burlon Dustin Kohn 60 1 2 2
2 Stu Bickel Philip Larsen 40 1 2 2
Penalty Kill 4 Players Forward
Center Wing Time % Phy DF OF
1 Nick Spaling James Sheppard 60 1 2 2
2 Corey Trivino Danny Kristo 40 1 2 2
Penalty Kill 4 Players Defense
Defense Defense Time % Phy DF OF
1 Stu Bickel Dustin Kohn 60 1 2 2
2 Brandon Burlon Philip Larsen 40 1 2 2
Penalty Kill - 3 Players Forward
Forward Time % Phy DF OF
1 Jeff Skinner 60 1 2 2
2 Corey Trivino 40 1 2 2
Penalty Kill - 3 Players Defense
Defense Defense Time % Phy DF OF
1 Stu Bickel Dustin Kohn 60 1 2 2
2 Brandon Burlon Philip Larsen 40 1 2 2
4 vs 4 Forward
Center Wing Time % Phy DF OF
1 Lars Eller Jeff Skinner 60 1 2 2
2 Tyler Pitlick Nick Spaling 40 1 2 2
4 vs 4 Defense
Defense Defense Time % Phy DF OF
1 Stu Bickel Dustin Kohn 60 1 2 2
2 Brandon Burlon Philip Larsen 40 1 2 2
Last Minutes Offensive
Center Left Wing Right Wing Defense Defense
Lars Eller Jeff Skinner Tyler Pitlick Brandon Burlon Dustin Kohn
Last Minutes Defensive
Center Left Wing Right Wing Defense Defense
Lars Eller Nick Spaling Tyler Pitlick Stu Bickel Dustin Kohn
Goaltenders
Starting : Darcy Kuemper
Backup : Allen York
Extra Forwards
Normal : James Sheppard, Corey Trivino, Marek Zagrapan - PP : James Sheppard, Corey Trivino - PK : Marek Zagrapan
Extra Defensemen
Normal : Viktor Loov, Mike Reilly, Brandon Burlon - PP : Viktor Loov - PK : Mike Reilly, Brandon Burlon
Penalty Shots
Nick Spaling, Lars Eller, Marek Zagrapan, James Sheppard, Jeff Skinner
Scratches
David Desharnais (Sprained Right Finger Injury), Jordan Caron (Bruised Left Foot Injury), Andrey Pedan (Healthy), Nikita Nesterov (Healthy), Charles Hudon (Healthy)
David Musil (Left Foot Injury), Joni Ortio (Healthy), Sean Maguire (Healthy)
Atomiques
5 vs 5 Forward
Center Left Wing Right Wing Time % Phy DF OF
1 Tyler Brenner Dwight King Ryan Shannon 40 1 2 2
2 Marc-André Cliche Kenndal McArdle Corey Tropp 30 1 2 2
3 Brett Sutter Andrew Kozek Bobby Farnham 20 1 2 2
4 Andreas Engqvist Brock McGinn Mitch Callahan 10 1 2 2
5 vs 5 Defense
Defense Defense Time % Phy DF OF
1 Kyle Wharton Jonas Junland 40 1 2 2
2 Shayne Gostisbehere Colby Cohen 30 1 2 2
3 Eric Mestery Eric Gustafsson 20 1 2 2
4 John Draeger Fredrik Claesson 10 1 2 2
PowerPlay Forward
Center Left Wing Right Wing Time % Phy DF OF
1 Tyler Brenner Dwight King Ryan Shannon 60 1 2 2
2 Marc-André Cliche Kenndal McArdle Corey Tropp 40 1 2 2
PowerPlay Defense
Defense Defense Time % Phy DF OF
1 Kyle Wharton Jonas Junland 60 1 2 2
2 Shayne Gostisbehere Colby Cohen 40 1 2 2
Penalty Kill 4 Players Forward
Center Wing Time % Phy DF OF
1 Tyler Brenner Ryan Shannon 60 1 2 2
2 Dwight King Kenndal McArdle 40 1 2 2
Penalty Kill 4 Players Defense
Defense Defense Time % Phy DF OF
1 Kyle Wharton Jonas Junland 60 1 2 2
2 Shayne Gostisbehere Colby Cohen 40 1 2 2
Penalty Kill - 3 Players Forward
Forward Time % Phy DF OF
1 Tyler Brenner 60 1 2 2
2 Ryan Shannon 40 1 2 2
Penalty Kill - 3 Players Defense
Defense Defense Time % Phy DF OF
1 Kyle Wharton Jonas Junland 60 1 2 2
2 Shayne Gostisbehere Colby Cohen 40 1 2 2
4 vs 4 Forward
Center Wing Time % Phy DF OF
1 Tyler Brenner Ryan Shannon 60 1 2 2
2 Dwight King Kenndal McArdle 40 1 2 2
4 vs 4 Defense
Defense Defense Time % Phy DF OF
1 Kyle Wharton Jonas Junland 60 1 2 2
2 Shayne Gostisbehere Colby Cohen 40 1 2 2
Last Minutes Offensive
Center Left Wing Right Wing Defense Defense
Tyler Brenner Dwight King Ryan Shannon Kyle Wharton Jonas Junland
Last Minutes Defensive
Center Left Wing Right Wing Defense Defense
Tyler Brenner Dwight King Ryan Shannon Kyle Wharton Jonas Junland
Goaltenders
Starting : Sergei Bobrovsky
Backup : Jeremy Smith
Extra Forwards
Normal : Darren Kramer, Joseph Cramarossa, Mike Halmo - PP : Darren Kramer, Joseph Cramarossa - PK : Mike Halmo
Extra Defensemen
Normal : Eric Mestery, Eric Gustafsson, John Draeger - PP : Eric Mestery - PK : Eric Gustafsson, John Draeger
Penalty Shots
Tyler Brenner, Ryan Shannon, Dwight King, Kenndal McArdle, Andrew Kozek
Scratches
Steve McCarthy (Strained Left Elbow Injury), Anthony Nigro (Back Spasms Injury), Francois Tremblay (Healthy)
% Time on Ice - Staline
Lines # - Real PCT - Wanted PCT - Time Play
Normal Forward
1 - 36% - 40% - 15:33
2 - 26% - 30% - 11:01
3 - 16% - 20% - 6:48
4 - 22% - 10% - 9:40
Normal Defense
1 - 40% - 40% - 17:15
2 - 31% - 30% - 13:11
3 - 22% - 20% - 9:37
4 - 7% - 10% - 2:59
PP Forward
1 - 59% - 60% - 5:06
2 - 41% - 40% - 3:35
PP Defense
1 - 57% - 60% - 4:57
2 - 43% - 40% - 3:44
PK Forward
1 - 71% - 60% - 5:54
2 - 29% - 40% - 2:23
PK Defense
1 - 60% - 60% - 4:57
2 - 40% - 40% - 3:20
PK3 Forward
1 - 0% - 60%
2 - 0% - 40%
PK3 Defense
1 - 0% - 60%
2 - 0% - 40%
44 Forward
1 - 0% - 60%
2 - 0% - 40%
44 Defense
1 - 0% - 60%
2 - 0% - 40%
Last Minute Offensive - 0:00
Last Minute Defensive - 0:00
Total
Forward - 60:00
Defense - 60:00
|
% Time on Ice - Atomiques
Lines # - Real PCT - Wanted PCT - Time Play
Normal Forward
1 - 34% - 40% - 14:38
2 - 26% - 30% - 11:22
3 - 25% - 20% - 10:37
4 - 15% - 10% - 6:25
Normal Defense
1 - 40% - 40% - 17:12
2 - 28% - 30% - 12:14
3 - 23% - 20% - 9:52
4 - 9% - 10% - 3:44
PP Forward
1 - 60% - 60% - 5:00
2 - 40% - 40% - 3:17
PP Defense
1 - 61% - 60% - 5:03
2 - 39% - 40% - 3:14
PK Forward
1 - 77% - 60% - 5:43
2 - 23% - 40% - 1:44
PK Defense
1 - 57% - 60% - 4:16
2 - 43% - 40% - 3:11
PK3 Forward
1 - 76% - 60% - 0:56
2 - 24% - 40% - 0:18
PK3 Defense
1 - 100% - 60% - 1:14
2 - 0% - 40% - 0:00
44 Forward
1 - 0% - 60%
2 - 0% - 40%
44 Defense
1 - 0% - 60%
2 - 0% - 40%
Last Minute Offensive - 0:00
Last Minute Defensive - 0:00
Total
Forward - 60:00
Defense - 60:00
|
Play by Play
1st period
0:01 of 1st period - Tyler Brenner wins face-off versus Lars Eller in neutral zone.
0:26 of 1st period - Kyle Wharton is hit by Corey Trivino and loses puck.
0:33 of 1st period - Wrist shot by Kenndal McArdle.
0:33 of 1st period - Shot Misses the Net.
0:54 of 1st period - Slapshot by Stu Bickel.
0:54 of 1st period - Stopped by Sergei Bobrovsky with a rebound.
0:56 of 1st period - Snap shot by Peter Holland.
0:56 of 1st period - Stopped by Sergei Bobrovsky with a rebound.
0:58 of 1st period - Slapshot by Stu Bickel.
0:58 of 1st period - Stopped by Sergei Bobrovsky with a rebound.
1:12 of 1st period - Snap shot by Andrew Kozek.
1:12 of 1st period - Shot Misses the Net.
2:00 of 1st period - Icing by Viktor Loov.
2:01 of 1st period - Marek Zagrapan wins face-off versus Brett Sutter in Staline zone.
2:16 of 1st period - Wrist shot by Andrew Kozek.
2:16 of 1st period - Shot Blocked by Danny Kristo.
2:32 of 1st period - Wrist shot by Jeff Skinner.
2:32 of 1st period - Stopped by Sergei Bobrovsky without a rebound.
2:33 of 1st period - Tyler Brenner wins face-off versus Lars Eller in Atomiques zone.
3:09 of 1st period - Snap shot by Bryan Bickell.
3:09 of 1st period - Shot Misses the Net.
4:32 of 1st period - Wrist shot by Kenndal McArdle.
4:32 of 1st period - Goal by Kenndal McArdle - Staline : 0 - Atomiques : 1.
4:33 of 1st period - Corey Trivino wins face-off versus Tyler Brenner in neutral zone.
4:40 of 1st period - Snap shot by Nick Spaling.
4:40 of 1st period - Shot Misses the Net.
5:16 of 1st period - Icing by Jonas Junland.
5:17 of 1st period - Brett Sutter wins face-off versus Peter Holland in Atomiques zone.
5:33 of 1st period - Jonas Junland is hit by Barclay Goodrow and loses puck.
5:48 of 1st period - Snap shot by Ryan Shannon.
5:48 of 1st period - Stopped by Darcy Kuemper without a rebound.
5:49 of 1st period - Corey Trivino wins face-off versus Tyler Brenner in Staline zone.
5:52 of 1st period - Slapshot by Ryan Shannon.
5:52 of 1st period - Shot Blocked by James Sheppard.
6:38 of 1st period - Off-side.
6:39 of 1st period - Marc-André Cliche wins face-off versus Lars Eller in neutral zone.
6:42 of 1st period - Dustin Kohn is hit by Kenndal McArdle.
6:48 of 1st period - Wrist shot by Dustin Kohn.
6:48 of 1st period - Shot Misses the Net.
7:39 of 1st period - Mike Reilly is hit by Kyle Wharton and loses puck.
7:51 of 1st period - Icing by Mike Reilly.
7:52 of 1st period - Brett Sutter wins face-off versus Marek Zagrapan in Staline zone.
7:59 of 1st period - Wrist shot by James Sheppard.
7:59 of 1st period - Stopped by Sergei Bobrovsky without a rebound.
8:00 of 1st period - Tyler Brenner wins face-off versus Lars Eller in Atomiques zone.
8:09 of 1st period - Wrist shot by Dwight King.
8:09 of 1st period - Stopped by Darcy Kuemper with a rebound.
8:11 of 1st period - Wrist shot by Tyler Brenner.
8:11 of 1st period - Stopped by Darcy Kuemper with a rebound.
8:15 of 1st period - Snap shot by Tyler Brenner.
8:15 of 1st period - Goal by Tyler Brenner - Staline : 0 - Atomiques : 2.
8:16 of 1st period - Lars Eller wins face-off versus Marc-André Cliche in neutral zone.
8:31 of 1st period - Slapshot by Dustin Kohn.
8:31 of 1st period - Stopped by Sergei Bobrovsky without a rebound.
8:32 of 1st period - Dwight King wins face-off versus Marek Zagrapan in Atomiques zone.
8:47 of 1st period - Wrist shot by Marek Zagrapan.
8:47 of 1st period - Stopped by Sergei Bobrovsky with a rebound.
9:21 of 1st period - Off-side.
9:22 of 1st period - Nick Spaling wins face-off versus Brett Sutter in neutral zone.
9:47 of 1st period - Stu Bickel is hit by Eric Mestery and loses puck.
10:18 of 1st period - Slapshot by Corey Tropp.
10:18 of 1st period - Shot Misses the Net.
11:14 of 1st period - Snap shot by Andrew Kozek.
11:14 of 1st period - Shot Misses the Net.
11:18 of 1st period - Snap shot by Ryan Shannon.
11:18 of 1st period - Shot Misses the Net.
11:20 of 1st period - Slapshot by Dwight King.
11:20 of 1st period - Shot Misses the Net.
11:23 of 1st period - Icing by James Sheppard.
11:24 of 1st period - Corey Tropp wins face-off versus Corey Trivino in Staline zone.
11:27 of 1st period - Snap shot by Corey Tropp.
11:27 of 1st period - Stopped by Darcy Kuemper without a rebound.
11:28 of 1st period - Lars Eller wins face-off versus Corey Tropp in Staline zone.
11:37 of 1st period - Wrist shot by Corey Tropp.
11:37 of 1st period - Stopped by Darcy Kuemper without a rebound.
11:38 of 1st period - Lars Eller wins face-off versus Tyler Brenner in Staline zone.
12:09 of 1st period - Wrist shot by Kenndal McArdle.
12:09 of 1st period - Stopped by Darcy Kuemper with a rebound.
12:11 of 1st period - Snap shot by Corey Tropp.
12:11 of 1st period - Shot Misses the Net.
12:13 of 1st period - Wrist shot by Kenndal McArdle.
12:13 of 1st period - Shot Misses the Net.
12:23 of 1st period - Backhand shot by Stu Bickel.
12:23 of 1st period - Shot Blocked by Fredrik Claesson.
12:25 of 1st period - Backhand shot by Barclay Goodrow.
12:25 of 1st period - Shot Hit the Post.
12:27 of 1st period - Slapshot by Philip Larsen.
12:27 of 1st period - Stopped by Sergei Bobrovsky with a rebound.
12:29 of 1st period - Wrist shot by Peter Holland.
12:29 of 1st period - Shot Misses the Net.
12:31 of 1st period - Slapshot by Philip Larsen.
12:31 of 1st period - Stopped by Sergei Bobrovsky with a rebound.
13:04 of 1st period - Backhand shot by Marek Zagrapan.
13:04 of 1st period - Shot Blocked by John Draeger.
13:06 of 1st period - Slapshot by Danny Kristo.
13:06 of 1st period - Shot Blocked by Dwight King.
13:49 of 1st period - Viktor Loov is hit by Andreas Engqvist and loses puck.
14:00 of 1st period - Shayne Gostisbehere is hit by Viktor Loov and loses puck.
14:25 of 1st period - Backhand shot by Dwight King.
14:25 of 1st period - Deflect By Ryan Shannon.
14:25 of 1st period - Goal by Ryan Shannon - Staline : 0 - Atomiques : 3.
14:26 of 1st period - Lars Eller wins face-off versus Dwight King in neutral zone.
15:18 of 1st period - Brett Sutter is hit by Barclay Goodrow and loses puck.
15:31 of 1st period - Jonas Junland is hit by Nick Spaling.
15:37 of 1st period - Slapshot by Andreas Engqvist.
15:37 of 1st period - Shot Blocked by Nick Spaling.
15:39 of 1st period - Slapshot by Colby Cohen.
15:39 of 1st period - Goal by Colby Cohen - Staline : 0 - Atomiques : 4.
15:39 of 1st period - Allen York enters game.
15:40 of 1st period - Lars Eller wins face-off versus Dwight King in neutral zone.
15:52 of 1st period - Off-side.
15:53 of 1st period - Tyler Brenner wins face-off versus Lars Eller in neutral zone.
16:08 of 1st period - Snap shot by Tyler Pitlick.
16:08 of 1st period - Shot Hit the Post.
16:18 of 1st period - Nick Spaling is hit by Kenndal McArdle and loses puck.
16:25 of 1st period - Snap shot by Corey Tropp.
16:25 of 1st period - Stopped by Allen York with a rebound.
16:27 of 1st period - Slapshot by Shayne Gostisbehere.
16:27 of 1st period - Shot Misses the Net.
16:29 of 1st period - Wrist shot by Marc-André Cliche.
16:29 of 1st period - Shot Misses the Net.
16:41 of 1st period - Kyle Wharton is hit by Bryan Bickell and loses puck.
17:28 of 1st period - Jonas Junland is hit by James Sheppard and loses puck.
17:41 of 1st period - Snap shot by Marc-André Cliche.
17:41 of 1st period - Shot Misses the Net.
18:21 of 1st period - Viktor Loov is hit by Bobby Farnham and loses puck.
19:18 of 1st period - Viktor Loov is hit by Mitch Callahan and loses puck.
19:49 of 1st period - Bryan Bickell is hit by Bobby Farnham and loses puck.
Goals for this period are 0 for Staline vs 4 for Atomiques.
Shots for this period are 9 for Staline vs 11 for Atomiques.
2nd period
0:01 of 2nd period - Tyler Brenner wins face-off versus Lars Eller in neutral zone.
0:06 of 2nd period - Jeff Skinner is hit by Tyler Brenner and loses puck.
0:25 of 2nd period - Marc-André Cliche is hit by Nick Spaling and loses puck.
0:32 of 2nd period - Wrist shot by Dustin Kohn.
0:32 of 2nd period - Stopped by Sergei Bobrovsky without a rebound.
0:33 of 2nd period - Tyler Brenner wins face-off versus Marek Zagrapan in Atomiques zone.
0:43 of 2nd period - Minor Penalty to Jonas Junland for Hooking.
0:44 of 2nd period - Tyler Brenner wins face-off versus Lars Eller in Atomiques zone.
1:14 of 2nd period - Slapshot by Dustin Kohn.
1:14 of 2nd period - Shot Misses the Net.
1:16 of 2nd period - Slapshot by Dustin Kohn.
1:16 of 2nd period - Stopped by Sergei Bobrovsky with a rebound.
1:18 of 2nd period - Snap shot by Nick Spaling.
1:18 of 2nd period - Deflect By James Sheppard.
1:18 of 2nd period - Shot Blocked by Ryan Shannon.
1:18 of 2nd period - Puck is out of play.
1:19 of 2nd period - Lars Eller wins face-off versus Tyler Brenner in Atomiques zone.
1:22 of 2nd period - Snap shot by Lars Eller.
1:22 of 2nd period - Shot Misses the Net.
1:24 of 2nd period - Wrist shot by Lars Eller.
1:24 of 2nd period - Shot Misses the Net.
1:44 of 2nd period - Kenndal McArdle is hit by James Sheppard and loses puck.
2:11 of 2nd period - Kyle Wharton is hit by Brandon Burlon and loses puck.
2:43 of 2nd period - Penalty to Jonas Junland is over, Jonas Junland is back on ice.
2:55 of 2nd period - Snap shot by Peter Holland.
2:55 of 2nd period - Stopped by Sergei Bobrovsky with a rebound.
2:57 of 2nd period - Wrist shot by Bryan Bickell.
2:57 of 2nd period - Stopped by Sergei Bobrovsky with a rebound.
2:59 of 2nd period - Wrist shot by Peter Holland.
2:59 of 2nd period - Shot Misses the Net.
3:01 of 2nd period - Slapshot by Viktor Loov.
3:01 of 2nd period - Stopped by Sergei Bobrovsky with a rebound.
3:03 of 2nd period - Slapshot by Barclay Goodrow.
3:03 of 2nd period - Shot Blocked by Shayne Gostisbehere.
3:25 of 2nd period - Snap shot by Brett Sutter.
3:25 of 2nd period - Stopped by Allen York without a rebound.
3:26 of 2nd period - Andreas Engqvist wins face-off versus Lars Eller in Staline zone.
4:01 of 2nd period - Wrist shot by Andrew Kozek.
4:01 of 2nd period - Shot Misses the Net.
4:13 of 2nd period - Corey Trivino is hit by Dwight King.
4:35 of 2nd period - Wrist shot by Tyler Pitlick.
4:35 of 2nd period - Shot Blocked by Marc-André Cliche.
4:37 of 2nd period - Wrist shot by Lars Eller.
4:37 of 2nd period - Shot Misses the Net.
4:39 of 2nd period - Snap shot by Tyler Pitlick.
4:39 of 2nd period - Goal by Tyler Pitlick - Staline : 1 - Atomiques : 4.
4:40 of 2nd period - Tyler Brenner wins face-off versus Lars Eller in neutral zone.
4:43 of 2nd period - Lars Eller is hit by Kyle Wharton and loses puck.
4:50 of 2nd period - Snap shot by Dwight King.
4:50 of 2nd period - Shot Misses the Net.
5:13 of 2nd period - James Sheppard is hit by Kenndal McArdle and loses puck.
5:54 of 2nd period - Snap shot by Danny Kristo.
5:54 of 2nd period - Stopped by Sergei Bobrovsky without a rebound.
5:55 of 2nd period - Marek Zagrapan wins face-off versus Tyler Brenner in Atomiques zone.
6:09 of 2nd period - Off-side.
6:10 of 2nd period - Marc-André Cliche wins face-off versus Lars Eller in neutral zone.
6:16 of 2nd period - Icing by Lars Eller.
6:17 of 2nd period - Marc-André Cliche wins face-off versus Lars Eller in Staline zone.
6:20 of 2nd period - Wrist shot by Corey Tropp.
6:20 of 2nd period - Shot Misses the Net.
6:46 of 2nd period - Wrist shot by Dwight King.
6:46 of 2nd period - Stopped by Allen York without a rebound.
6:47 of 2nd period - Corey Trivino wins face-off versus Tyler Brenner in Staline zone.
6:47 of 2nd period - Corey Trivino is hit by Dwight King.
7:24 of 2nd period - Slapshot by Corey Trivino.
7:24 of 2nd period - Stopped by Sergei Bobrovsky with a rebound.
7:26 of 2nd period - Wrist shot by Corey Trivino.
7:26 of 2nd period - Shot Blocked by Eric Mestery.
7:28 of 2nd period - Snap shot by James Sheppard.
7:28 of 2nd period - Shot Misses the Net.
7:30 of 2nd period - Wrist shot by Philip Larsen.
7:30 of 2nd period - Goal by Philip Larsen - Staline : 2 - Atomiques : 4.
7:31 of 2nd period - Tyler Brenner wins face-off versus Lars Eller in neutral zone.
7:47 of 2nd period - Snap shot by Ryan Shannon.
7:47 of 2nd period - Stopped by Allen York without a rebound.
7:48 of 2nd period - Marek Zagrapan wins face-off versus Marc-André Cliche in Staline zone.
7:54 of 2nd period - Off-side.
7:55 of 2nd period - Marc-André Cliche wins face-off versus Marek Zagrapan in neutral zone.
8:20 of 2nd period - Off-side.
8:21 of 2nd period - Lars Eller wins face-off versus Tyler Brenner in neutral zone.
8:35 of 2nd period - Wrist shot by Philip Larsen.
8:35 of 2nd period - Shot Misses the Net.
8:37 of 2nd period - Slapshot by Stu Bickel.
8:37 of 2nd period - Shot Misses the Net.
9:10 of 2nd period - Snap shot by Jonas Junland.
9:10 of 2nd period - Shot Blocked by Brandon Burlon.
9:12 of 2nd period - Minor Penalty to Bryan Bickell for Roughing.
9:13 of 2nd period - Nick Spaling wins face-off versus Tyler Brenner in Staline zone.
9:22 of 2nd period - Wrist shot by Dwight King.
9:22 of 2nd period - Shot Misses the Net.
11:11 of 2nd period - Stu Bickel is hit by Darren Kramer and loses puck.
11:12 of 2nd period - Penalty to Bryan Bickell is over, Bryan Bickell is back on ice.
11:34 of 2nd period - Eric Mestery is hit by Tyler Pitlick and loses puck.
12:05 of 2nd period - James Sheppard is hit by Andreas Engqvist and loses puck.
12:16 of 2nd period - Slapshot by Corey Tropp.
12:16 of 2nd period - Goal by Corey Tropp - Staline : 2 - Atomiques : 5.
12:17 of 2nd period - Lars Eller wins face-off versus Tyler Brenner in neutral zone.
12:32 of 2nd period - Wrist shot by Tyler Pitlick.
12:32 of 2nd period - Stopped by Sergei Bobrovsky with a rebound.
12:38 of 2nd period - Minor Penalty to Tyler Brenner for Slashing.
12:39 of 2nd period - Mike Halmo wins face-off versus Lars Eller in Atomiques zone.
12:50 of 2nd period - Slapshot by Dustin Kohn.
12:50 of 2nd period - Stopped by Sergei Bobrovsky without a rebound.
12:51 of 2nd period - Mike Halmo wins face-off versus Tyler Pitlick in Atomiques zone.
13:23 of 2nd period - Off-side.
13:24 of 2nd period - Brett Sutter wins face-off versus Lars Eller in neutral zone.
13:50 of 2nd period - Icing by Philip Larsen.
13:51 of 2nd period - Corey Trivino wins face-off versus Brett Sutter in Staline zone.
14:04 of 2nd period - Backhand shot by James Sheppard.
14:04 of 2nd period - Stopped by Sergei Bobrovsky without a rebound.
14:05 of 2nd period - Lars Eller wins face-off versus Ryan Shannon in Atomiques zone.
14:16 of 2nd period - Wrist shot by Tyler Pitlick.
14:16 of 2nd period - Stopped by Sergei Bobrovsky with a rebound.
14:18 of 2nd period - Wrist shot by Dustin Kohn.
14:18 of 2nd period - Deflect By Lars Eller.
14:18 of 2nd period - Stopped by Sergei Bobrovsky without a rebound.
14:19 of 2nd period - Lars Eller wins face-off versus Mike Halmo in Atomiques zone.
14:22 of 2nd period - Snap shot by Lars Eller.
14:22 of 2nd period - Stopped by Sergei Bobrovsky with a rebound.
14:24 of 2nd period - Slapshot by Jeff Skinner.
14:24 of 2nd period - Stopped by Sergei Bobrovsky without a rebound.
14:25 of 2nd period - Lars Eller wins face-off versus Mike Halmo in Atomiques zone.
14:38 of 2nd period - Penalty to Tyler Brenner is over, Tyler Brenner is back on ice.
14:42 of 2nd period - Jonas Junland is hit by Jeff Skinner and loses puck.
14:55 of 2nd period - Wrist shot by Ryan Shannon.
14:55 of 2nd period - Shot Misses the Net.
14:57 of 2nd period - Slapshot by Kyle Wharton.
14:57 of 2nd period - Stopped by Allen York without a rebound.
14:58 of 2nd period - Marc-André Cliche wins face-off versus Corey Trivino in Staline zone.
15:07 of 2nd period - Snap shot by Kenndal McArdle.
15:07 of 2nd period - Shot Misses the Net.
15:09 of 2nd period - Wrist shot by Colby Cohen.
15:09 of 2nd period - Stopped by Allen York with a rebound.
15:11 of 2nd period - Snap shot by Colby Cohen.
15:11 of 2nd period - Shot Hit the Post.
15:13 of 2nd period - Snap shot by Corey Tropp.
15:13 of 2nd period - Stopped by Allen York without a rebound.
15:14 of 2nd period - Tyler Brenner wins face-off versus Lars Eller in Staline zone.
15:30 of 2nd period - Off-side.
15:31 of 2nd period - Corey Trivino wins face-off versus Marc-André Cliche in neutral zone.
15:34 of 2nd period - Marc-André Cliche is hit by Corey Trivino and loses puck.
15:58 of 2nd period - Minor Penalty to Shayne Gostisbehere for Holding.
15:59 of 2nd period - Lars Eller wins face-off versus Tyler Brenner in Atomiques zone.
17:58 of 2nd period - Penalty to Shayne Gostisbehere is over, Shayne Gostisbehere is back on ice.
18:02 of 2nd period - Jonas Junland is hit by Corey Trivino and loses puck.
19:18 of 2nd period - Minor Penalty to Danny Kristo for Hooking.
19:19 of 2nd period - Nick Spaling wins face-off versus Tyler Brenner in Staline zone.
19:28 of 2nd period - Ryan Shannon is hit by Nick Spaling and loses puck.
19:53 of 2nd period - Off-side.
19:54 of 2nd period - Corey Trivino wins face-off versus Tyler Brenner in neutral zone.
Goals for this period are 2 for Staline vs 1 for Atomiques.
Shots for this period are 16 for Staline vs 7 for Atomiques.
3rd period
0:01 of 3rd period - Tyler Brenner wins face-off versus Nick Spaling in neutral zone.
1:18 of 3rd period - Penalty to Danny Kristo is over, Danny Kristo is back on ice.
1:44 of 3rd period - Minor Penalty to Jeff Skinner for Hooking.
1:45 of 3rd period - Tyler Brenner wins face-off versus Nick Spaling in Staline zone.
1:45 of 3rd period - Wrist shot by Ryan Shannon.
1:45 of 3rd period - Stopped by Allen York without a rebound.
1:46 of 3rd period - Dwight King wins face-off versus Nick Spaling in Staline zone.
1:49 of 3rd period - Wrist shot by Tyler Brenner.
1:49 of 3rd period - Goal by Tyler Brenner - Staline : 2 - Atomiques : 6.
1:50 of 3rd period - Tyler Brenner wins face-off versus Lars Eller in neutral zone.
2:17 of 3rd period - Corey Tropp is hit by Dustin Kohn and loses puck.
2:24 of 3rd period - Snap shot by Corey Trivino.
2:24 of 3rd period - Shot Misses the Net.
2:26 of 3rd period - Slapshot by Corey Trivino.
2:26 of 3rd period - Stopped by Sergei Bobrovsky without a rebound.
2:27 of 3rd period - Tyler Brenner wins face-off versus Lars Eller in Atomiques zone.
2:36 of 3rd period - Wrist shot by Dwight King.
2:36 of 3rd period - Deflect By Lars Eller.
2:36 of 3rd period - Stopped by Allen York without a rebound.
2:37 of 3rd period - Tyler Brenner wins face-off versus Lars Eller in Staline zone.
2:38 of 3rd period - Slapshot by Ryan Shannon.
2:38 of 3rd period - Stopped by Allen York with a rebound.
2:43 of 3rd period - Icing by Brandon Burlon.
2:44 of 3rd period - Lars Eller wins face-off versus Tyler Brenner in Staline zone.
2:59 of 3rd period - Slapshot by Ryan Shannon.
2:59 of 3rd period - Goal by Ryan Shannon - Staline : 2 - Atomiques : 7.
3:00 of 3rd period - Dwight King wins face-off versus Tyler Pitlick in neutral zone.
3:00 of 3rd period - Dwight King is hit by Tyler Pitlick.
3:07 of 3rd period - Minor Penalty to Lars Eller for Slashing.
3:08 of 3rd period - Nick Spaling wins face-off versus Ryan Shannon in Staline zone.
3:44 of 3rd period - Wrist shot by Kyle Wharton.
3:44 of 3rd period - Stopped by Allen York with a rebound.
3:46 of 3rd period - Slapshot by Kyle Wharton.
3:46 of 3rd period - Shot Misses the Net.
3:48 of 3rd period - Slapshot by Kenndal McArdle.
3:48 of 3rd period - Shot Blocked by Philip Larsen.
4:14 of 3rd period - Wrist shot by Danny Kristo.
4:14 of 3rd period - Goal by Danny Kristo - Staline : 3 - Atomiques : 7.
4:15 of 3rd period - Tyler Brenner wins face-off versus James Sheppard in neutral zone.
4:40 of 3rd period - Nick Spaling is hit by Corey Tropp.
5:00 of 3rd period - Slapshot by Shayne Gostisbehere.
5:00 of 3rd period - Shot Blocked by Brandon Burlon.
5:07 of 3rd period - Penalty to Lars Eller is over, Lars Eller is back on ice.
5:15 of 3rd period - Off-side.
5:16 of 3rd period - Brett Sutter wins face-off versus Lars Eller in neutral zone.
5:19 of 3rd period - Snap shot by Andrew Kozek.
5:19 of 3rd period - Shot Blocked by Tyler Pitlick.
5:21 of 3rd period - Wrist shot by Bobby Farnham.
5:21 of 3rd period - Goal by Bobby Farnham - Staline : 3 - Atomiques : 8.
5:21 of 3rd period - Darcy Kuemper enters game.
5:22 of 3rd period - Tyler Brenner wins face-off versus Lars Eller in neutral zone.
5:25 of 3rd period - Snap shot by Dwight King.
5:25 of 3rd period - Stopped by Darcy Kuemper without a rebound.
5:26 of 3rd period - Tyler Brenner wins face-off versus Lars Eller in Staline zone.
5:33 of 3rd period - Snap shot by Dwight King.
5:33 of 3rd period - Stopped by Darcy Kuemper with a rebound.
5:55 of 3rd period - Corey Tropp is hit by Brandon Burlon and loses puck.
6:00 of 3rd period - Slapshot by Dustin Kohn.
6:00 of 3rd period - Shot Blocked by Kenndal McArdle.
7:00 of 3rd period - Minor Penalty to Stu Bickel for Tripping.
7:01 of 3rd period - Tyler Brenner wins face-off versus Nick Spaling in Staline zone.
7:09 of 3rd period - Snap shot by Ryan Shannon.
7:09 of 3rd period - Goal by Ryan Shannon - Staline : 3 - Atomiques : 9.
7:10 of 3rd period - Tyler Brenner wins face-off versus Lars Eller in neutral zone.
7:22 of 3rd period - Snap shot by Ryan Shannon.
7:22 of 3rd period - Shot Misses the Net.
7:24 of 3rd period - Snap shot by Tyler Brenner.
7:24 of 3rd period - Stopped by Darcy Kuemper with a rebound.
7:26 of 3rd period - Wrist shot by Tyler Brenner.
7:26 of 3rd period - Shot Misses the Net.
7:43 of 3rd period - Snap shot by Marc-André Cliche.
7:43 of 3rd period - Stopped by Darcy Kuemper with a rebound.
7:45 of 3rd period - Slapshot by Colby Cohen.
7:45 of 3rd period - Shot Misses the Net.
7:57 of 3rd period - Snap shot by Bryan Bickell.
7:57 of 3rd period - Stopped by Sergei Bobrovsky without a rebound.
7:58 of 3rd period - Brett Sutter wins face-off versus Peter Holland in Atomiques zone.
8:11 of 3rd period - Wrist shot by Andrew Kozek.
8:11 of 3rd period - Stopped by Darcy Kuemper without a rebound.
8:12 of 3rd period - Tyler Brenner wins face-off versus Tyler Pitlick in Staline zone.
8:24 of 3rd period - Jonas Junland and Stu Bickel fight to a draw.
8:24 of 3rd period - Penalty to Jonas Junland for Fighting.
8:24 of 3rd period - Penalty to Stu Bickel for Fighting.
8:24 of 3rd period - Penalty to Stu Bickel for instigated a fight.
8:24 of 3rd period - Penalty to Stu Bickel for instigated a fight.
8:25 of 3rd period - Nick Spaling wins face-off versus Tyler Brenner in Atomiques zone.
10:24 of 3rd period - Penalty to Stu Bickel is over, Marek Zagrapan is send on ice.
10:24 of 3rd period - Corey Tropp is hit by Brandon Burlon and loses puck.
10:31 of 3rd period - Slapshot by Nick Spaling.
10:31 of 3rd period - Goal by Nick Spaling - Staline : 4 - Atomiques : 9.
10:32 of 3rd period - Lars Eller wins face-off versus Brett Sutter in neutral zone.
10:57 of 3rd period - Andreas Engqvist is hit by Danny Kristo and loses puck.
11:02 of 3rd period - Slapshot by Dustin Kohn.
11:02 of 3rd period - Stopped by Sergei Bobrovsky with a rebound.
11:40 of 3rd period - Corey Tropp is hit by Philip Larsen and loses puck.
11:47 of 3rd period - Snap shot by Dustin Kohn.
11:47 of 3rd period - Shot Blocked by Corey Tropp.
13:12 of 3rd period - Slapshot by Dustin Kohn.
13:12 of 3rd period - Stopped by Sergei Bobrovsky with a rebound.
14:03 of 3rd period - Snap shot by Mitch Callahan.
14:03 of 3rd period - Shot Misses the Net.
14:05 of 3rd period - Wrist shot by Brock McGinn.
14:05 of 3rd period - Stopped by Darcy Kuemper without a rebound.
14:06 of 3rd period - Peter Holland wins face-off versus Kenndal McArdle in Staline zone.
14:06 of 3rd period - Peter Holland is hit by Corey Tropp.
14:39 of 3rd period - Mike Reilly is hit by Dwight King and loses puck.
14:52 of 3rd period - Bobby Farnham is hit by Mike Reilly and loses puck.
15:09 of 3rd period - Minor Penalty to Brett Sutter for Interference.
15:10 of 3rd period - Tyler Brenner wins face-off versus Lars Eller in Atomiques zone.
15:21 of 3rd period - Snap shot by Tyler Brenner.
15:21 of 3rd period - Shot Misses the Net.
15:54 of 3rd period - Minor Penalty to Dwight King for Hooking.
15:55 of 3rd period - Lars Eller wins face-off versus Tyler Brenner in Atomiques zone.
17:09 of 3rd period - Penalty to Brett Sutter is over, Brett Sutter is back on ice.
17:54 of 3rd period - Penalty to Dwight King is over, Dwight King is back on ice.
18:03 of 3rd period - Viktor Loov is hit by Mitch Callahan and loses puck.
18:22 of 3rd period - James Sheppard is hit by Corey Tropp and loses puck.
18:43 of 3rd period - Eric Gustafsson is hit by Barclay Goodrow and loses puck.
19:52 of 3rd period - Minor Penalty to Bryan Bickell for Roughing.
19:53 of 3rd period - Tyler Brenner wins face-off versus Nick Spaling in Staline zone.
19:53 of 3rd period - Wrist shot by Ryan Shannon.
19:53 of 3rd period - Shot Blocked by Mike Reilly.
Goals for this period are 2 for Staline vs 4 for Atomiques.
Shots for this period are 6 for Staline vs 14 for Atomiques.
Back to the Top